 Dungeon Crawl Stone Soup version 0.32-a0-131-g9dbbe29261 (webtiles) character file.

Game seed: 3831755269771128737

1387 whatisthis the Thaumaturge (level 8, -6/41 HPs)
             Began as a Deep Elf Air Elementalist on Feb 9, 2024.
             Mangled by a killer bee (7 damage)
             ... on level 6 of the Dungeon.
             The game lasted 00:15:57 (6622 turns).

whatisthis the Thaumaturge (DEAE)                   Turns: 6622, Time: 00:15:58

Health: -6/41      AC:  3    Str:  5    XL:     8   Next: 40%
Magic:  7/22       EV: 12    Int: 23    God:
Gold:   304        SH:  0    Dex: 15    Spells: 13/23 levels left

rFire   . . .        x - staff of conjuration
rCold   . . .        (no shield)
rNeg    + . .        F - +0 robe {rN+}
rPois   .            q - +0 helmet
rElec   .            y - scarf {+Inv}
rCorr   .            (no gloves)
SInv    .            (no boots)
Will    .....        v - amulet of the acrobat
Stlth   ++           (no ring)
HPRegen 0.26/turn    (no ring)
MPRegen 0.18/turn

%: acrobat
@: no status effects
A: no striking features
a: Evoke Invisibility


You were on level 6 of the Dungeon.
You visited 1 branch of the dungeon, and saw 6 of its levels.

You collected 304 gold pieces.

Inventory:

Hand Weapons
 n - a +3 whip of venom
Missiles
 u - 3 throwing nets
 E - 8 poisoned darts
Armour
 q - a +0 helmet (worn)
 y - a scarf of invisibility (worn)
 F - a +0 robe of positive energy (worn)
Magical Staves
 x - a staff of conjuration (weapon)
Jewellery
 v - an amulet of the acrobat (around neck)
Wands
 s - a wand of iceblast (10)
 A - a wand of paralysis (9)
 D - a wand of flame (16)
Scrolls
 c - 6 scrolls of identify {unknown}
 d - 2 scrolls of blinking {unknown}
 e - a scroll of immolation
 j - a scroll of enchant weapon {unknown}
 m - a scroll of butterflies {unknown}
 o - a scroll of poison {unknown}
 p - 2 scrolls of teleportation {unknown}
 r - a scroll of silence {unknown}
 t - a scroll of brand weapon {unknown}
 C - 2 scrolls of vulnerability {unknown}
Potions
 b - a potion of magic
 f - 2 potions of mutation {unknown}
 g - a potion of heal wounds {unknown}
 h - a potion of berserk rage {unknown}
 i - a potion of brilliance {unknown}
 k - 2 potions of lignification {unknown}
 l - a potion of curing {unknown}
 w - a potion of invisibility {unknown}
 z - a potion of haste {unknown}
 B - a potion of ambrosia {unknown}


   Skills:
 - Level 2.4 Dodging
 - Level 2.4 Stealth
 + Level 8.4 Spellcasting
 + Level 6.4 Conjurations
 + Level 7.3 Air Magic


You had 13 spell levels left.
You knew the following spells:

 Your Spells              Type           Power      Damage    Failure   Level
a - Shock                 Conj/Air       100%       1d9       1%          1
b - Static Discharge      Conj/Air       100%       3-8/arc   1%          2
c - Swiftness             Air            43%        N/A       1%          3
d - Airstrike             Air            21%        2d(4-20)  3%          4

Your spell library contained the following spells:

 Spells                   Type           Power      Damage    Failure   Level
 Magic Dart               Conj           100%       1d8       1%          1
 Hailstorm                Conj/Ice       36%        3d9       5%          3
 Freeze                   Ice            36%        1d5       7%          1
 Blink                    Tloc           18%        N/A       10%         2
 Call Imp                 Summ           18%        N/A       10%         2
 Frozen Ramparts          Ice            18%        1d3       21%         3
 Summon Ice Beast         Ice/Summ       9%         N/A       21%         3
 Sculpt Simulacrum        Ice/Alch       4%         N/A       100%        6


Dungeon Overview and Level Annotations

Branches:
Dungeon (6/15)
 Temple: D:4-7

Altars:
Fedhas
Okawaru
Qazlal
Trog
Xom
The Shining One

Annotations:
D:3 Sigmund


Message History

The killer bee barely misses you. The killer bee misses you.
Unknown command.
Casting: Shock (safe; 1% risk of failure)
Confirm with . or Enter, or press ? or * to list all spells.
You feel a surge of power!
The killer bee is struck by an arc of lightning.
You kill the killer bee!
The killer bee is struck by an arc of lightning.
The killer bee is heavily wounded.
The killer bee misses you.
Unknown command.
Casting: Static Discharge (safe; 1% risk of failure)
Confirm with . or Enter, or press ? or * to list all spells.
You feel a surge of power!
The killer bee is struck by an arc of lightning.
The killer bee is severely wounded.
You are struck by an arc of lightning.
* * * LOW HITPOINT WARNING * * *
The killer bee is struck by an arc of lightning.
The killer bee is almost dead.
You are struck by an arc of lightning.
* * * LOW HITPOINT WARNING * * *
The killer bee is struck by an arc of lightning!
You kill the killer bee!
The lightning grounds out.
Casting: Static Discharge (safe; 1% risk of failure)
Confirm with . or Enter, or press ? or * to list all spells.
You feel a surge of power!
The killer bee is struck by an arc of lightning.
The killer bee is lightly wounded.
You are struck by an arc of lightning.
* * * LOW HITPOINT WARNING * * *
The killer bee is struck by an arc of lightning.
The killer bee is moderately wounded.
You are struck by an arc of lightning.
* * * LOW HITPOINT WARNING * * *
The killer bee is struck by an arc of lightning!
The killer bee is almost dead.
The lightning grounds out.
The killer bee stings you!
You die...

##.## # #...#
####### #
#...# #....<#
# #...#
#.###.# #
##.## #.# #
#.# #.# # #.#
#.####### #.#
#.###.)......
#@#
#......######
#y# #####..# #
#.# #..# # #†#
#..# # #.#
#..# # #.#
#..# # #.#
#####..######
#..
.yy...........
###
######.....(..


You could see a killer bee.

Vanquished Creatures
  Eustachio (D:4)
  A water moccasin (D:6)
  An ogre (D:5)
  A phantom (D:3)
  A kobold brigand (D:6)
  Blork the orc (D:6)
  5 killer bees (D:6)
  2 hounds (D:5)
  3 jellies
  4 orc priests
  Ijyb (D:5)
  5 orc wizards
  5 gnolls (D:5)
  5 adders
  3 shadow imps
  A dart slug (D:5)
  3 ribbon worms
  20 orcs
  2 endoplasms (D:4)
  5 giant cockroaches
  8 goblins
  4 hobgoblins
  9 jackals
  3 quokkas
  4 ball pythons
  5 bats
  3 frilled lizards (D:2)
  13 kobolds
  5 rats
124 creatures vanquished.

Notes
Turn   | Place    | Note
-------+----------+-------------------------------------------
     0 | D:1      | whatisthis the Deep Elf Air Elementalist began the quest
                  | for the Orb.
     0 | D:1      | Reached XP level 1. HP: 10/10 MP: 6/6
   381 | D:1      | Reached XP level 2. HP: 15/15 MP: 6/8
   384 | D:1      | Learned a level 2 spell: Static Discharge
   418 | D:1      | Found a faded altar of an unknown god.
  1262 | D:2      | Reached XP level 3. HP: 13/19 MP: 5/10
  1530 | D:2      | Reached skill level 4 in Spellcasting
  1764 | D:2      | Found a blossoming altar of Fedhas.
  2076 | D:3      | Noticed Sigmund
  2162 | D:3      | Reached XP level 4. HP: 24/24 MP: 7/12
  2865 | D:3      | Reached XP level 5. HP: 12/28 MP: 11/14
  2869 | D:3      | Reached skill level 5 in Spellcasting
  3064 | D:4      | Noticed a phantom
  3502 | D:3      | Killed a phantom
  3503 | D:3      | Reached skill level 5 in Air Magic
  3503 | D:3      | Reached XP level 6. HP: 8/32 MP: 6/16
  4017 | D:4      | Noticed Eustachio
  4022 | D:4      | Killed Eustachio
  4023 | D:4      | Reached skill level 6 in Spellcasting
  4105 | D:4      | Learned a level 3 spell: Swiftness
  4372 | D:5      | Entered Level 5 of the Dungeon
  4469 | D:5      | Reached XP level 7. HP: 36/36 MP: 14/18
  4695 | D:5      | Reached skill level 5 in Conjurations
  4791 | D:5      | Noticed Ijyb
  5128 | D:5      | Reached skill level 7 in Spellcasting
  5152 | D:5      | Found Otrya's General Store.
  5348 | D:5      | Learned a level 4 spell: Airstrike
  5672 | D:5      | Found a glowing golden altar of the Shining One.
  5753 | D:5      | Found an iron altar of Okawaru.
  5753 | D:5      | Found a shimmering altar of Xom.
  5758 | D:5      | Found a bloodstained altar of Trog.
  5760 | D:5      | Found a stormy altar of Qazlal.
  5761 | D:5      | Found a faded altar of an unknown god.
  5864 | D:5      | Killed Ijyb
  6094 | D:6      | Reached XP level 8. HP: 29/41 MP: 6/21
  6381 | D:6      | Noticed Blork the orc
  6495 | D:6      | Killed Blork the orc
  6496 | D:6      | Reached skill level 8 in Spellcasting
  6622 | D:6      | HP: 1/41 [/static electricity (3)]
  6622 | D:6      | Mangled by a killer bee

Illustrated notes

Levels and vault maps discovered:
D:1:      nagdon_arrival_zigzag_paths, layout_basic,
          hellmonk_ecumenical_altar_blasted
D:2:      layout_basic, basic_altar, st_stairs_13,
          nicolae_houndstooth_variations
D:3:      layout_basic, serial_bayou_pond_b, serial_bayou_lagoon_a, uniq_sigmund
D:4:      layout_loops_corners, uniq_eustachio
D:5:      layout_basic, chequers_temple_overflow_minitemple,
          nicolae_tso_swordbearing_angel, serial_shops, shop,
          cheibrodos_gnoll_hut, uniq_ijyb
D:6:      layout_loops_ring, minmay_temple_entry_trees, grunt_ministairs_5,
          minmay_misc_feat_rugged, uniq_blork_the_orc, uniq_prince_ribbit1

Skill      XL: |  1  2  3  4  5  6  7  8 |
---------------+-------------------------+-----
Conjurations   | 2 3 4 5 6 |  6.4
Spellcasting   | 4 5 6 7 8 |  8.4
Air Magic      | 4 5 6 7 |  7.3
Dodging        | |  2.4
Stealth        | |  2.4

Action                     |  1- 3 |  4- 6 |  7- 9 || total
---------------------------+-------+-------+-------++-------
  Melee: Unarmed           |     1 |       |       ||     1
         Whip              |       |    11 |       ||    11
   Cast: Shock             |    89 |    80 |    98 ||   267
         Static Discharge  |     3 |    18 |    20 ||    41
         Swiftness         |       |       |     3 ||     3
         Airstrike         |       |       |     4 ||     4
 Armour: Robe              |     7 |    34 |    54 ||    95
  Dodge: Dodged            |     7 |    11 |    34 ||    52

Table legend: (Time is in decaauts)
 A = Elapsed time spent in this place.
 B = Non-inter-level travel time spent in this place.
 C = Inter-level travel time spent in this place.
 D = Time resting spent in this place.
 E = Time spent auto-exploring this place.
 F = Levels seen in this place.
 G = Mean time per level.
                   A        B        C        D        E       F      G
               +--------+--------+--------+--------+--------+-----+--------+
         Total |   6635 |   6140 |    495 |   1435 |   2883 |   6 | 1105.8 |
       Dungeon |   6635 |   6140 |    495 |   1435 |   2883 |   6 | 1105.8 |
               +--------+--------+--------+--------+--------+-----+--------+

Top non-repeatable levels by time:
     D:5: 1699 daAuts
     D:2: 1395 daAuts
     D:4: 1367 daAuts
     D:3: 966 daAuts
     D:1: 892 daAuts
     D:6: 315 daAuts
